 Dungeon Crawl Stone Soup version 0.27-a0-1147-gb3d8e82157 (webtiles) character file.

Game seed: 1196436134060539235

52 Kinoniko the Cudgeller (level 3, -3/23 HPs)
             Began as a Gargoyle Berserker on May 12, 2021.
             Was a Believer of Trog.
             Killed from afar by a white imp (5 damage)
             ... with a puff of frost
             ... summoned by Natasha
             ... on level 3 of the Dungeon.
             The game lasted 00:01:44 (2036 turns).

Kinoniko the Cudgeller (Gargoyle Berserker)         Turns: 2036, Time: 00:01:45

Health: -3/23      AC:  9    Str: 20    XL:     3   Next: 85%
Magic:  3/3        EV: 10    Int:  7    God:    Trog [**....]
Gold:   91         SH:  0    Dex: 10    Spells: 2/2 levels left

rFire    . . .     SeeInvis .   a - +0 mace
rCold    . . .     Faith    .   (no shield)
rNeg     + . .     Spirit   .   f - +0 scale mail
rPois    ∞         Reflect  .   (no helmet)
rElec    +         Harm     .   (no cloak)
rCorr    .         Rampage  .   (no gloves)
Will     .....                  (no boots)
Stlth    ..........             (no amulet)
HPRegen  0.07/turn              (no ring)
MPRegen  0.08/turn              (no ring)

@: slowed, very slow
A: sickness immunity, AC +3, negative energy resistance 1, electricity
resistance, torment resistance 1, petrification resistance
a: Renounce Religion, Berserk, Trog's Hand


You were on level 3 of the Dungeon.
You worshipped Trog.
Trog was pleased with you.
You visited 1 branch of the dungeon, and saw 3 of its levels.

You collected 91 gold pieces.

Inventory:

Hand Weapons
 a - a +0 mace (weapon)
Armour
 d - a +0 leather armour
 f - a +0 scale mail (worn)
Scrolls
 b - a scroll of teleportation {unknown}
 c - 2 scrolls of brand weapon {unknown}
Potions
 e - a potion of curing {unknown}
 g - a potion of flight {unknown}


   Skills:
 - Level 3.2 Fighting
 + Level 4.6 Maces & Flails
 - Level 2.1 Armour
 - Level 1.5 Dodging


You had 2 spell levels left.
You didn't know any spells.
Your spell library was empty.

Dungeon Overview and Level Annotations

Branches:
Dungeon (3/15)

Altars:
Kikubaaqudgha

Annotations:
D:3 Natasha


Innate Abilities, Weirdness & Mutations

You are immune to sickness and miasma.
Your stone body is resilient. (AC +3)
You are immune to poison.
You resist negative energy. (rN+)
You are resistant to electric shocks. (rElec)
You are resistant to unholy torment.
You are immune to petrification.


Message History

Natasha casts a spell at you.
You feel as though you will be slow longer.
You hit Natasha but do no damage.
Natasha is moderately wounded.
Natasha mewls in sadness.
Natasha casts a spell.
You hit Natasha.
Natasha is heavily wounded.
Natasha claws you. Natasha completely misses you.
You hit Natasha.
Natasha is severely wounded.
The white imp gestures at you. The puff of frost hits you!
Natasha howls an incantation.
You feel disoriented.
Natasha stares at you and mumbles some strange words.
The magic dart hits you.
* * * LOW HITPOINT WARNING * * *
The white imp gestures at you.
The puff of frost hits you but does no damage.
Natasha claws you but does no damage.
You hit Natasha.
Natasha is severely wounded.
The white imp hits you but does no damage.
Natasha claws you but does no damage.
The white imp hits you but does no damage.
Natasha closely misses you.
Unknown command.
You barely miss Natasha.
Natasha is severely wounded.
The white imp closely misses you. Natasha claws you but does no damage.
You closely miss Natasha.
Natasha is severely wounded.
The white imp misses you.
Natasha stares at you and mumbles some strange words.
The magic dart hits you.
* * * LOW HITPOINT WARNING * * *
The white imp gestures at you. The puff of frost hits you.
You die...

#...........#
#...#.#####.#
#...#.#
#...#.#
#.#...#####.#
#.#.........#
#.##†########
#..# #.@#
#.h5# .......
#.......)..
#............
#............
#............
#............


You could see Natasha and a white imp (summoned).

Vanquished Creatures
  2 adders (D:2)
  2 dart slugs (D:2)
  5 ball pythons
  3 endoplasms
  A giant cockroach (D:1)
  2 hobgoblins (D:1)
  2 jackals (D:1)
  A quokka (D:1)
  2 bats (D:1)
  4 frilled lizards
  4 goblins
  2 kobolds
  2 rats
32 creatures vanquished.

Notes
Turn   | Place    | Note
-------+----------+-------------------------------------------
     0 | D:1      | Kinoniko the Gargoyle Berserker began the quest for the
                  | Orb.
     0 | D:1      | Reached XP level 1. HP: 14/14 MP: 1/1
   338 | D:1      | Reached XP level 2. HP: 19/19 MP: 2/2
   748 | D:1      | Reached skill level 4 in Maces & Flails
   832 | D:2      | Reached XP level 3. HP: 19/23 MP: 3/3
   832 | D:2      | Reached ** piety under Trog
  1943 | D:3      | Found an ancient bone altar of Kikubaaqudgha.
  2026 | D:3      | Noticed Natasha
  2036 | D:3      | Killed from afar by a white imp

Illustrated notes

Levels and vault maps discovered:
D:1:      minmay_arrival_doors, layout_rooms
D:2:      layout_basic, minmay_stone_trees_small, minmay_misc_feat_more_columns
D:3:      layout_basic, lemuel_doored_altar, minmay_misc_feat_diagonals,
          uniq_natasha

Skill      XL: |  1  2 |
---------------+-------+-----
Maces & Flails | 4 |  4.6
Fighting       | |  3.2
Armour         | |  2.1
Dodging        | |  1.5

Action                   || total
-------------------------++-------
Melee: Mace              ||    99
Armor: Animal skin       ||     6
       Leather armour    ||    31
       Scale mail        ||     8
Dodge: Dodged            ||    73

Table legend: (Time is in decaauts)
 A = Elapsed time spent in this place.
 B = Non-inter-level travel time spent in this place.
 C = Inter-level travel time spent in this place.
 D = Time resting spent in this place.
 E = Time spent auto-exploring this place.
 F = Levels seen in this place.
 G = Mean time per level.
                   A        B        C        D        E       F      G
               +--------+--------+--------+--------+--------+-----+--------+
         Total |   2060 |   2041 |     19 |      0 |   1798 |   3 |  686.7 |
       Dungeon |   2060 |   2041 |     19 |      0 |   1798 |   3 |  686.7 |
               +--------+--------+--------+--------+--------+-----+--------+

Top non-repeatable levels by time:
     D:2: 1065 daAuts
     D:1: 820 daAuts
     D:3: 174 daAuts
